| TOP OF THE 1ST |
|
New York Mets batting - Pitching for Cincinnati Reds : LHP David James
|
|
Pitching: LHP David James
|
|
|
Batting: SHB Nelle van den Berg
|
0-0: Ball 1-0: Ball 2-0: Ball 3-0: Called Strike 3-1: Base on Balls
|
|
Batting: SHB Gus Berry
|
0-0: Ball 1-0: Called Strike 1-1: Foul Ball, location: 2F 1-2: Foul Ball, location: 2F 1-2: Ball 2-2: Foul Ball, location: 2F 2-2: Foul Ball, location: 2F 2-2: Foul Ball, location: 2F 2-2: Ball 3-2: SINGLE (Groundball, 56, EV 98.1 MPH) Nelle van den Berg to second Runner from 2nd tries for 3rd, SAFE, throw by LF made to third
|
|
Batting: SHB Sean Cook
|
0-0: Ball 1-0: Ball 2-0: Called Strike 2-1: Foul Ball, location: 2F 2-2: Strikes out swinging
|
|
Batting: LHB Kevin Bellman
|
0-0: Ball 1-0: Called Strike 1-1: Foul Ball, location: 2F 1-2: Grounds into double play, 4-6-3 (Groundball, 4D, EV 81.2 MPH)
|
| Top of the 1st over - 0 runs, 1 hit, 0 errors, 1 left on base; New York 0 - Cincinnati 0 |
| BOTTOM OF THE 1ST |
|
Cincinnati Reds batting - Pitching for New York Mets : RHP Chris Painter
|
|
Pitching: RHP Chris Painter
|
|
|
Batting: RHB Joseph Kirchmann
|
0-0: Ball 1-0: Called Strike 1-1: Ball 2-1: Ground out 5-3 (Groundball, 56S, EV 65.6 MPH)
|
|
Batting: SHB Dave Barefoot
|
0-0: Called Strike 0-1: Foul Ball, location: 2F 0-2: Fly out, F9 (Flyball, 9D, EV 101.9 MPH)
|
|
Batting: LHB Chris Grunwald
|
0-0: Ball 1-0: Ball 2-0: Called Strike 2-1: Ball 3-1: Base on Balls
|
|
Batting: LHB Jon Ledesma
|
0-0: Ball Chris Grunwald is caught stealing 2nd base 2-6
|
| Bottom of the 1st over - 0 runs, 0 hits, 0 errors, 0 left on base; New York 0 - Cincinnati 0 |
| TOP OF THE 2ND |
|
New York Mets batting - Pitching for Cincinnati Reds : LHP David James
|
|
Batting: RHB Jeff Jank
|
0-0: Swinging Strike 0-1: SINGLE (Flyball, 8RS, EV 88.8 MPH)
|
|
Batting: RHB Jesus Chavez
|
0-0: Ball 1-0: Ball 2-0: Fly out, F7 (Flyball, 7S, EV 86.2 MPH)
|
|
Batting: SHB Jonathan Jenkins
|
0-0: Called Strike 0-1: Ground out 5-3 (Groundball, 56S, EV 66.2 MPH) Jeff Jank to second
|
|
Batting: SHB Jason Larson
|
0-0: Foul Ball, location: 2F 0-1: Ball 1-1: Foul Ball, location: 2F 1-2: Foul Ball, location: 2F 1-2: Ball 2-2: Strikes out swinging
|
| Top of the 2nd over - 0 runs, 1 hit, 0 errors, 1 left on base; New York 0 - Cincinnati 0 |
| BOTTOM OF THE 2ND |
|
Cincinnati Reds batting - Pitching for New York Mets : RHP Chris Painter
|
|
Batting: LHB Jon Ledesma
|
0-0: Called Strike 0-1: Ball 1-1: Foul Ball, location: 2F 1-2: Ball 2-2: Foul Ball, location: 2F 2-2: Ground out 4-3 (Groundball, 34, EV 79.4 MPH)
|
|
Batting: RHB Fred Slade
|
0-0: Ball 1-0: Fly out, F9 (Flyball, 9, EV 87.5 MPH)
|
|
Batting: LHB Antonio Figueroa
|
0-0: Ground out 5-3 (Groundball, 5L, EV 105.0 MPH)
|
| Bottom of the 2nd over - 0 runs, 0 hits, 0 errors, 0 left on base; New York 0 - Cincinnati 0 |
| TOP OF THE 3RD |
|
New York Mets batting - Pitching for Cincinnati Reds : LHP David James
|
|
Batting: SHB Scott Bartholomew
|
0-0: Ball 1-0: Called Strike 1-1: Ball 2-1: DOUBLE (Line Drive, 9LD, EV 103.8 MPH)
|
|
Batting: SHB Nelle van den Berg
|
0-0: Called Strike 0-1: Foul Ball, location: 2F 0-2: Strikes out swinging
|
|
Batting: SHB Gus Berry
|
0-0: Ball 1-0: Ground out 6-3 (Groundball, 6, EV 82.5 MPH) Scott Bartholomew to third
|
|
Batting: SHB Sean Cook
|
0-0: Ball 1-0: Ball 2-0: Ball 3-0: Called Strike 3-1: Swinging Strike 3-2: Foul Ball, location: 2F 3-2: Base on Balls
|
|
Batting: LHB Kevin Bellman
|
0-0: Foul Ball, location: 2F 0-1: Called Strike 0-2: SINGLE (Line Drive, 78S, EV 108.1 MPH) Scott Bartholomew scores Sean Cook to second
|
|
Batting: RHB Jeff Jank
|
0-0: Called Strike 0-1: Ball 1-1: Ball 2-1: Ball 3-1: Base on Balls Sean Cook to third Kevin Bellman to second
|
|
Batting: RHB Jesus Chavez
|
0-0: Ball 1-0: Ground out U3 (Groundball, 3, EV 102.5 MPH)
|
| Top of the 3rd over - 1 run, 2 hits, 0 errors, 3 left on base; New York 1 - Cincinnati 0 |
| BOTTOM OF THE 3RD |
|
Cincinnati Reds batting - Pitching for New York Mets : RHP Chris Painter
|
|
Batting: RHB Omar Quintana
|
0-0: Ball 1-0: Called Strike 1-1: Foul Ball, location: 2F 1-2: Foul Ball, location: 2F 1-2: SOLO HOME RUN (Flyball, 78XD, EV 103.1 MPH), Distance : 406 ft
|
|
Batting: LHB Andy Arbuckle
|
0-0: Called Strike 0-1: Ball 1-1: Ball 2-1: Ground out 6-3 (Groundball, 56D, EV 90.6 MPH)
|
|
Batting: RHB Casey Truax
|
0-0: Foul Ball, location: 2F 0-1: Fly out, F7 (Flyball, 7LM, EV 79.4 MPH)
|
|
Batting: RHB Joseph Kirchmann
|
0-0: Ground out 6-3 (Groundball, 6, EV 81.2 MPH)
|
| Bottom of the 3rd over - 1 run, 1 hit, 0 errors, 0 left on base; New York 1 - Cincinnati 1 |
| TOP OF THE 4TH |
|
New York Mets batting - Pitching for Cincinnati Reds : LHP David James
|
|
Batting: SHB Jonathan Jenkins
|
0-0: Ball 1-0: Ball 2-0: Ground out 6-3 (Groundball, 6, EV 99.4 MPH)
|
|
Batting: SHB Jason Larson
|
0-0: Ball 1-0: Foul Ball, location: 2F 1-1: Fly out, F6 (Line Drive, 6, EV 65.6 MPH)
|
|
Batting: SHB Scott Bartholomew
|
0-0: Ball 1-0: Called Strike 1-1: Swinging Strike 1-2: Ball 2-2: SINGLE (Groundball, 34D, EV 96.2 MPH)
|
|
Batting: SHB Nelle van den Berg
|
0-0: Ball 1-0: Fly out, F9 (Flyball, 9D, EV 96.9 MPH)
|
| Top of the 4th over - 0 runs, 1 hit, 0 errors, 1 left on base; New York 1 - Cincinnati 1 |
| BOTTOM OF THE 4TH |
|
Cincinnati Reds batting - Pitching for New York Mets : RHP Chris Painter
|
|
Batting: SHB Dave Barefoot
|
0-0: Ball 1-0: Ball 2-0: Swinging Strike 2-1: Fly out, F7 (Flyball, 7D, EV 95.0 MPH)
|
|
Batting: LHB Chris Grunwald
|
0-0: Ball 1-0: Foul Ball, location: 2F 1-1: Swinging Strike 1-2: Foul Ball, location: 2F 1-2: Ground out 6-3 (Groundball, 6, EV 94.4 MPH)
|
|
Batting: LHB Jon Ledesma
|
0-0: DOUBLE (Line Drive, 9LS, EV 111.2 MPH)
|
|
Batting: RHB Fred Slade
|
0-0: Ball 1-0: Foul Ball, location: 2F 1-1: Ball 2-1: Ball 3-1: DOUBLE (Flyball, 8RXD, EV 105.0 MPH) Jon Ledesma scores
|
|
Batting: LHB Antonio Figueroa
|
0-0: Ball 1-0: Fly out, F8 (Flyball, 8RXD, EV 106.9 MPH)
|
| Bottom of the 4th over - 1 run, 2 hits, 0 errors, 1 left on base; New York 1 - Cincinnati 2 |
| TOP OF THE 5TH |
|
New York Mets batting - Pitching for Cincinnati Reds : LHP David James
|
|
Batting: SHB Gus Berry
|
0-0: Foul Ball, location: 2F 0-1: SOLO HOME RUN (Line Drive, 89XD, EV 99.4 MPH), Distance : 399 ft
|
|
Batting: SHB Sean Cook
|
0-0: Called Strike 0-1: Called Strike 0-2: Foul Ball, location: 2F 0-2: Ball 1-2: Ball 2-2: Ball 3-2: Strikes out looking
|
|
Pitching: RHP Westin Silveira
|
|
|
Batting: LHB Kevin Bellman
|
0-0: Ball 1-0: SINGLE (Groundball, 6S, EV 70.0 MPH) (infield hit)
|
|
Batting: RHB Jeff Jank
|
0-0: Ball 1-0: Ball 2-0: Ball 3-0: Base on Balls Kevin Bellman to second
|
|
Batting: RHB Jesus Chavez
|
0-0: Called Strike 0-1: Called Strike 0-2: Ball 1-2: Ball 2-2: Foul Ball, location: 2F 2-2: Strikes out looking
|
|
Batting: SHB Jonathan Jenkins
|
0-0: Ball 1-0: DOUBLE (Flyball, 78D, EV 101.9 MPH) Kevin Bellman scores Jeff Jank to third Runner from 3rd tries for Home, SAFE, throw by LF to home
|
|
Batting: SHB Jason Larson
|
0-0: Called Strike 0-1: Ball 1-1: Swinging Strike 1-2: Ball 2-2: Strikes out looking
|
| Top of the 5th over - 3 runs, 3 hits, 0 errors, 1 left on base; New York 4 - Cincinnati 2 |
| BOTTOM OF THE 5TH |
|
Cincinnati Reds batting - Pitching for New York Mets : RHP Chris Painter
|
|
Batting: RHB Omar Quintana
|
0-0: Called Strike 0-1: Ball 1-1: Called Strike 1-2: Ball 2-2: Ball 3-2: Foul Ball, location: 2F 3-2: Strikes out swinging
|
|
Batting: LHB Andy Arbuckle
|
0-0: Ball 1-0: Ball 2-0: Ball 3-0: Called Strike 3-1: Called Strike 3-2: Foul Ball, location: 2F 3-2: Ground out 4-3 (Groundball, 4, EV 97.5 MPH)
|
|
Batting: RHB Casey Truax
|
0-0: Foul Ball, location: 2F 0-1: SINGLE (Line Drive, 34, EV 93.8 MPH)
|
|
Batting: RHB Joseph Kirchmann
|
0-0: Ball 1-0: Ground out 4-3 (Groundball, 4, EV 88.1 MPH)
|
| Bottom of the 5th over - 0 runs, 1 hit, 0 errors, 1 left on base; New York 4 - Cincinnati 2 |
| TOP OF THE 6TH |
|
New York Mets batting - Pitching for Cincinnati Reds : RHP Westin Silveira
|
|
Batting: SHB Scott Bartholomew
|
0-0: Called Strike 0-1: Foul Ball, location: 2F 0-2: Strikes out swinging
|
|
Batting: SHB Nelle van den Berg
|
0-0: Ball 1-0: Ball 2-0: Ball 3-0: Called Strike 3-1: SOLO HOME RUN (Flyball, 89XD, EV 101.9 MPH), Distance : 390 ft
|
|
Pitching: LHP Dave Rivera
|
|
|
Batting: SHB Gus Berry
|
0-0: Swinging Strike 0-1: Foul Ball, location: 2F 0-2: Ball 1-2: Ball 2-2: Ball 3-2: Foul Ball, location: 2F 3-2: Foul Ball, location: 2F 3-2: Fly out, F7 (Line Drive, 78S, EV 93.8 MPH)
|
|
Batting: SHB Sean Cook
|
0-0: Ball 1-0: Foul Ball, location: 2F 1-1: Ball 2-1: Called Strike 2-2: Fly out, F9 (Line Drive, 89M, EV 92.5 MPH)
|
| Top of the 6th over - 1 run, 1 hit, 0 errors, 0 left on base; New York 5 - Cincinnati 2 |
| BOTTOM OF THE 6TH |
|
Cincinnati Reds batting - Pitching for New York Mets : RHP Chris Painter
|
|
Batting: SHB Dave Barefoot
|
0-0: Ball 1-0: SOLO HOME RUN (Flyball, 7D, EV 98.1 MPH), Distance : 378 ft
|
|
Batting: LHB Chris Grunwald
|
0-0: Called Strike 0-1: Called Strike 0-2: Ball 1-2: Fly out, F8 (Flyball, 89S, EV 81.2 MPH)
|
|
Batting: LHB Jon Ledesma
|
0-0: Called Strike 0-1: Ground out 4-3 (Groundball, 4, EV 96.9 MPH)
|
|
Batting: RHB Fred Slade
|
0-0: Ball 1-0: Ground out 6-3 (Groundball, 6, EV 83.1 MPH)
|
| Bottom of the 6th over - 1 run, 1 hit, 0 errors, 0 left on base; New York 5 - Cincinnati 3 |
| TOP OF THE 7TH |
|
New York Mets batting - Pitching for Cincinnati Reds : LHP Dave Rivera
|
|
Batting: LHB Kevin Bellman
|
0-0: Ball 1-0: Ball 2-0: Ball 3-0: Called Strike 3-1: Base on Balls
|
|
Batting: RHB Jeff Jank
|
0-0: Ball 1-0: Called Strike 1-1: Called Strike Kevin Bellman steals 2nd base 1-2: Ball 2-2: Strikes out swinging
|
|
Batting: RHB Jesus Chavez
|
0-0: Intentional Walk
|
|
Batting: SHB Jonathan Jenkins
|
0-0: Swinging Strike 0-1: Called Strike 0-2: Ball 1-2: Ball 2-2: Foul Ball, location: 2F 2-2: Strikes out swinging
|
|
Batting: SHB Jason Larson
|
0-0: Ball 1-0: Ball 2-0: Called Strike 2-1: Called Strike 2-2: Fly out, F8 (Flyball, 8LD, EV 105.0 MPH)
|
| Top of the 7th over - 0 runs, 0 hits, 0 errors, 2 left on base; New York 5 - Cincinnati 3 |
| BOTTOM OF THE 7TH |
|
Cincinnati Reds batting - Pitching for New York Mets : RHP Chris Painter
|
|
Batting: LHB Antonio Figueroa
|
0-0: Called Strike 0-1: Ball 1-1: Ball 2-1: Ball 3-1: Ground out 4-3 (Groundball, 4M, EV 83.8 MPH)
|
|
Batting: RHB Omar Quintana
|
0-0: Foul Ball, location: 2F 0-1: Foul Ball, location: 2F 0-2: Ball 1-2: Foul Ball, location: 2F 1-2: Ball 2-2: Ground out 6-3 (Groundball, 6S, EV 89.4 MPH)
|
|
Batting: LHB Andy Arbuckle
|
0-0: Foul Ball, location: 2F 0-1: Ball 1-1: Ball 2-1: Ground out 3-1 (Groundball, 34, EV 85.0 MPH)
|
| Bottom of the 7th over - 0 runs, 0 hits, 0 errors, 0 left on base; New York 5 - Cincinnati 3 |
| TOP OF THE 8TH |
|
New York Mets batting - Pitching for Cincinnati Reds : LHP Dave Rivera
|
|
Pitching: RHP Timmy John Aaron-Lee Frank Silveira
|
|
|
Batting: SHB Scott Bartholomew
|
0-0: Called Strike 0-1: Ball 1-1: Ball 2-1: Foul Ball, location: 2F 2-2: DOUBLE (Groundball, 3D, EV 109.4 MPH)
|
|
Batting: SHB Nelle van den Berg
|
0-0: Ball 1-0: Ball 2-0: Called Strike 2-1: Foul Ball, location: 2F 2-2: Ball 3-2: Strikes out swinging
|
|
Batting: SHB Gus Berry
|
0-0: Ball 1-0: TRIPLE (Line Drive, 9LD, EV 104.4 MPH) Scott Bartholomew scores
|
|
Batting: SHB Sean Cook
|
0-0: Intentional Walk
|
|
Batting: LHB Kevin Bellman
|
0-0: Ball 1-0: Foul Ball, location: 2F 1-1: Ball 2-1: Ball 3-1: Swinging Strike 3-2: Base on Balls Sean Cook to second
|
|
Batting: RHB Jeff Jank
|
0-0: Ball 1-0: Called Strike 1-1: Ball 2-1: SINGLE (Groundball, 56, EV 102.5 MPH) Gus Berry scores Sean Cook to third Kevin Bellman to second Runner from 3rd tries for Home, SAFE, throw by LF to home
|
|
Pitching: RHP Sam Alexander
|
|
|
Batting: RHB Jesus Chavez
|
0-0: Called Strike 0-1: SINGLE (Groundball, 4MD, EV 100.6 MPH) Kevin Bellman to third Jeff Jank to second Runner from 3rd tries for Home, SAFE, throw by CF to home
|
|
Batting: SHB Jonathan Jenkins
|
0-0: Ball 1-0: Ball 2-0: Called Strike 2-1: Foul Ball, location: 2F 2-2: SINGLE (Groundball, 34S, EV 99.4 MPH) Jeff Jank to third Jesus Chavez to second Runner from 3rd tries for Home, SAFE, throw by RF to home
|
|
Batting: SHB Jason Larson
|
0-0: Fly out, F9 (Flyball, 89M, EV 81.9 MPH)
|
|
Batting: SHB Scott Bartholomew
|
0-0: Foul Ball, location: 2F 0-1: Ball 1-1: Fielders Choice at 2nd, 6-4 (Groundball, 6, EV 95.6 MPH)
|
| Top of the 8th over - 5 runs, 5 hits, 0 errors, 2 left on base; New York 10 - Cincinnati 3 |
| BOTTOM OF THE 8TH |
|
Cincinnati Reds batting - Pitching for New York Mets : RHP Chris Painter
|
|
Batting: RHB Casey Truax
|
0-0: Ground out 5-3 (Groundball, 5L, EV 87.5 MPH)
|
|
Batting: RHB Joseph Kirchmann
|
0-0: Foul Ball, location: 2F 0-1: Ball 1-1: Ball 2-1: Swinging Strike 2-2: Foul Ball, location: 2F 2-2: Ball 3-2: SINGLE (Groundball, 56D, EV 103.8 MPH)
|
|
Pitching: RHP Victor Morin
|
|
|
Pinch Hitting: SHB Saulo Maina
|
0-0: Ball 1-0: Ball 2-0: Called Strike 2-1: Foul Ball, location: 2F 2-2: Fly out, F8 (Line Drive, 8RD, EV 84.4 MPH)
|
|
Batting: LHB Chris Grunwald
|
0-0: Ball 1-0: Ball 2-0: Ball 3-0: Called Strike 3-1: Base on Balls Joseph Kirchmann to second
|
|
Batting: LHB Jon Ledesma
|
0-0: Foul Ball, location: 2F 0-1: Foul Ball, location: 2F 0-2: Foul Ball, location: 2F 0-2: Ball 1-2: Fly out, F5 (Popup, 5SF, EV 75.6 MPH)
|
| Bottom of the 8th over - 0 runs, 1 hit, 0 errors, 2 left on base; New York 10 - Cincinnati 3 |
| TOP OF THE 9TH |
|
New York Mets batting - Pitching for Cincinnati Reds : RHP Sam Alexander
|
|
Now at SS: Saulo Maina
|
|
|
Batting: SHB Nelle van den Berg
|
0-0: Called Strike 0-1: Swinging Strike 0-2: Ball 1-2: Strikes out swinging
|
|
Pinch Hitting: LHB Sal Fernandez
|
0-0: Foul Ball, location: 2F 0-1: Foul Ball, location: 2F 0-2: Strikes out swinging
|
|
Batting: SHB Sean Cook
|
0-0: Ball 1-0: Ball 2-0: Ball 3-0: Called Strike 3-1: Base on Balls
|
|
Pinch Hitting: SHB Scott Scott
|
0-0: Ball 1-0: Foul Ball, location: 2F 1-1: SINGLE (Flyball, 89M, EV 96.9 MPH) Sean Cook to second Runner from 2nd tries for 3rd, SAFE, throw by CF made to third
|
|
Batting: RHB Jeff Jank
|
0-0: Ball 1-0: Called Strike 1-1: Swinging Strike 1-2: Ball 2-2: Ball 3-2: SINGLE (Line Drive, 78M, EV 103.1 MPH) Sean Cook scores Scott Scott to second Scott Scott to third
|
|
Batting: RHB Jesus Chavez
|
0-0: Fielders Choice at 2nd, U4 (Groundball, 4M, EV 108.8 MPH)
|
| Top of the 9th over - 1 run, 2 hits, 0 errors, 2 left on base; New York 11 - Cincinnati 3 |
| BOTTOM OF THE 9TH |
|
Cincinnati Reds batting - Pitching for New York Mets : RHP Victor Morin
|
|
Now at 3B: Scott Scott
|
|
|
Now in CF: Sal Fernandez
|
|
|
Batting: RHB Fred Slade
|
0-0: Fly out, F8 (Flyball, 89S, EV 86.9 MPH)
|
|
Batting: LHB Antonio Figueroa
|
0-0: Called Strike 0-1: Ground out 4-3 (Groundball, 4, EV 89.4 MPH)
|
|
Batting: RHB Omar Quintana
|
0-0: SOLO HOME RUN (Flyball, 78XD, EV 105.6 MPH), Distance : 391 ft
|
|
Batting: LHB Andy Arbuckle
|
0-0: Called Strike 0-1: Fly out, F7 (Flyball, 7S, EV 92.5 MPH)
|
| Bottom of the 9th over - 1 run, 1 hit, 0 errors, 0 left on base; New York 11 - Cincinnati 4 |
|